 Dungeon Crawl Stone Soup version 0.23.2-30-g0e89c35649 (webtiles) character file.

Game seed: 15573498582776196990

53 Danqa the Firebug (level 3, -1/19 HPs)
             Began as a Deep Elf Fire Elementalist on June 25, 2019.
             Killed from afar by Sigmund (10 damage)
             ... with a magic dart
             ... on level 2 of the Dungeon.
             The game lasted 00:05:53 (2037 turns).

Danqa the Firebug (Deep Elf Fire Elementalist)      Turns: 2037, Time: 00:05:54

Health: -1/19      AC:  2    Str:  5    XL:     3   Next: 62%
Magic:  18/18      EV: 13    Int: 20    God:
Gold:   126        SH:  0    Dex: 15    Spells: 5/8 levels left

rFire    . . .     SeeInvis .   h - +0 short sword
rCold    . . .     Gourm    .   (no shield)
rNeg     . . .     Faith    .   a - +0 robe
rPois    .         Spirit   .   (no helmet)
rElec    .         Reflect  .   (no cloak)
rCorr    .         Harm     .   (no gloves)
MR       .....                  (no boots)
Stlth    +.........             (no amulet)
HPRegen  0.06/turn              k - ring of magical power
MPRegen  0.16/turn              (no ring)

@: confused
A: no striking features
a: no special abilities


You were on level 2 of the Dungeon.
You were not hungry.

You visited 1 branch of the dungeon, and saw 2 of its levels.

You collected 126 gold pieces.

Inventory:

Hand Weapons
 g - a +0 dagger
 h - a +0 short sword (weapon)
Armour
 a - a +0 robe (worn)
Jewellery
 k - a ring of magical power (left hand)
Scrolls
 b - 2 scrolls of remove curse {unknown}
 c - a scroll of noise {unknown}
 e - a scroll of enchant weapon {unknown}
 f - a scroll of identify {unknown}
 j - a scroll of fog {unknown}
Potions
 d - 2 potions of curing
Comestibles
 i - 3 rations


   Skills:
 + Level 0.8 Short Blades
 + Level 3.0 Dodging
 + Level 3.1 Stealth
 + Level 3.4 Spellcasting
 + Level 1.2 Conjurations
 + Level 3.9 Fire Magic


You had 5 spell levels left.
You knew the following spells:

 Your Spells              Type           Power        Failure   Level  Hunger
a - Flame Tongue          Conj/Fire      ##...        4%          1    None
b - Throw Flame           Conj/Fire      ##....       7%          2    ##.....

Your spell library contained the following spells:

 Spells                   Type           Power        Failure   Level  Hunger
 Conjure Flame            Conj/Fire      ##......     14%         3    ###....
 Inner Flame              Hex/Fire       ##......     19%         3    ###....
 Sticky Flame             Conj/Fire      ##......     43%         4    ####...
 Fireball                 Conj/Fire      ##........   78%         5    ######.


Dungeon Overview and Level Annotations

Branches:
Dungeon (2/15)

Altars:
Qazlal
Uskayaw

Annotations:
D:2 Sigmund


Message History

No target in view!
No target in view!
HP restored.
Magic restored.
Found 24 arrows.
You see here 24 arrows.
i - 3 rations (gained 1) Sigmund the Dreaded comes into view.
He is wielding a +0 scythe.
Sigmund shouts!
Sigmund gestures at you while chanting. The puff of flame hits you!
Ouch! That really hurt!
You are too injured to fight recklessly!
Sigmund says, "Don't worry, I'll kill you fast."
Sigmund gestures at you while chanting.
You are confused.
Sigmund points at you and mumbles some strange words.
The magic dart hits you!
Ouch! That really hurt!
You die...

#############
#.......@..@####
##.########....##
#...# ####..###
###.# ##...####
#.## ###....####
#..## #...#.....
##..# ......#####
##.# .........# #
#.# ...........#
#


You could see Sigmund.

Vanquished Creatures
  An adder (D:2)
  2 oozes (D:2)
  3 leopard geckos (D:1)
  A giant cockroach (D:2)
  8 goblins
  A hobgoblin (D:2)
  3 jackals (D:1)
  2 kobolds (D:1)
  A quokka (D:2)
  A bat (D:1)
  A frilled lizard (D:2)
  6 rats
30 creatures vanquished.

Vanquished Creatures (others)
  4 toadstools (D:1)
4 creatures vanquished.

Grand Total: 34 creatures vanquished

Notes
Turn   | Place    | Note
-------+----------+-------------------------------------------
     0 | D:1      | Danqa the Deep Elf Fire Elementalist began the quest for
                  | the Orb.
     0 | D:1      | Reached XP level 1. HP: 10/10 MP: 6/6
   152 | D:1      | Reached XP level 2. HP: 6/15 MP: 0/8
  1140 | D:1      | Learned a level 2 spell: Throw Flame
  1309 | D:2      | Found a stormy altar of Qazlal.
  1312 | D:2      | Reached XP level 3. HP: 14/19 MP: 9/9
  1410 | D:2      | Found a hide-covered altar of Uskayaw.
  2021 | D:2      | Noticed Sigmund
  2037 | D:2      | Killed from afar by Sigmund

Skill      XL: |  1  2  3 |
---------------+----------+-----
Stealth        | 3 |  3.1
Dodging        | 3 |  3.0
Short Blades   | |  0.8
Spellcasting   | |  3.4
Conjurations   | |  1.2
Fire Magic     | |  3.9

Action                   || total
-------------------------++-------
Melee: Unarmed           ||    15
       Short sword       ||    49
       Dagger            ||    17
 Cast: Flame Tongue      ||    21
       Throw Flame       ||     5
  Use: Potion            ||     1
 Stab: Sleeping          ||     3
  Eat: Ration            ||     1
Armor: Robe              ||    10
Dodge: Dodged            ||    71
